 Dungeon Crawl Stone Soup version 0.31-a0-851-g7ff8af7976 (webtiles) character file.

Game seed: 17374992406180189501

2449256 Charly the Slayer (level 27, 168/168 HPs)
             Began as a Vine Stalker Brigand on Oct 5, 2023.
             Was an Initiate of Gozag.
             Escaped with the Orb
             ... and 4 runes!
             The game lasted 04:14:33 (65893 turns).

Charly the Slayer (Vine Stalker Brigand)           Turns: 65893, Time: 04:14:33

Health: 168/168    AC: 34    Str: 15    XL:     27
Magic:  45/45      EV: 41    Int: 13    God:    Gozag
Gold:   1283       SH: 25    Dex: 56    Spells: 61/61 levels left

rFire   + + +        F - +8 quick blade (elec)
rCold   + + +        J - +2 shield of Resistance {rF++ rC++ Will++}
rNeg    + . .        Z - +7 pearl dragon scales
rPois   +            D - +2 hat of the Eternal Void {Rampage *Slow rElec Dex+8}
rElec   +            b - +2 cloak {rCorr}
rCorr   +            Y - +4 pair of gloves "Seoniud" {Str+4 Int+3 Dex+2}
SInv    .            Q - +3 pair of seven-league boots {Rampage+∞}
Will    +++++        K - dreamshard necklace {Acrobat *Dream}
Stlth   +++          f - ring of Cesits Wideq {rF+++ rC- Will+ Str+2 Dex+6}
HPRegen 1.28/turn    c - ring "Poceatto" {Ice rPois Will+ Str-3 Dex+5}
MPRegen 0.29/turn

%: slow self (1%), acrobat, guardian spirit, rampage+∞
@: studying Short Blades, bribing [the Dungeon]
A: fangs 3, regeneration 1, magic shield, antimagic bite, no potion heal 2,
agile 1, cold resistance 1, deformed body, screaming 1, subdued magic 1
0: Orb of Zot
}: 4/15 runes: barnacled, slimy, silver, gossamer
a: Renounce Religion, Potion Petition, Call Merchant, Bribe Branch


You escaped.
You worshipped Gozag.
Gozag was most pleased with you.
You visited 12 branches of the dungeon, and saw 56 of its levels.
You also visited: Gauntlet, Ice Cave and Wizlab.

You collected 36207 gold pieces.
You spent 8967 gold pieces at shops.
You paid 25957 gold pieces to Gozag.

Inventory:

Hand Weapons
 F - a +8 quick blade of electrocution (weapon)
Missiles
 o - 6 poisoned darts
 r - 6 datura-tipped darts
 E - 21 atropa-tipped darts
 O - 3 throwing nets (quivered)
 X - 5 curare-tipped darts
Armour
 b - a +2 cloak of preservation (worn)
 D - the +2 hat of the Eternal Void (worn) {Rampage *Slow rElec Dex+8}
   (You found it on level 4 of the Spider Nest)

   Dex+8:     It affects your dexterity (+8).
   rElec:     It insulates you from electricity.
   *Slow:     It may slow you when you take damage.
   Rampage:   It bestows one free step when moving towards enemies.
 J - the +2 shield of Resistance (worn) {rF++ rC++ Will++}
   (You bought it in a shop on level 3 of the Elven Halls)

   rF++:      It greatly protects you from fire.
   rC++:      It greatly protects you from cold.
   Will++:    It greatly increases your willpower.
 Q - the +3 pair of seven-league boots (worn) {Rampage+∞}
   (You bought it in a shop on level 1 of the Lair of Beasts)

   Rampage+∞: When moving toward enemies, its wearer moves as far as possible,
   alerting their target en route.
 Y - the +4 pair of gloves "Seoniud" (worn) {Str+4 Int+3 Dex+2}
   (You bought it in a shop on level 12 of the Dungeon)

   Str+4:     It affects your strength (+4).
   Int+3:     It affects your intelligence (+3).
   Dex+2:     It affects your dexterity (+2).
 Z - +7 pearl dragon scales (worn)
Jewellery
 c - the ring "Poceatto" (right hand) {Ice rPois Will+ Str-3 Dex+5}
   (You took it off Josephina on level 2 of the Depths)

   [ring of ice]

   Ice:       It enhances your ice magic.
   Str-3:     It affects your strength (-3).
   Dex+5:     It affects your dexterity (+5).
   rF-:       It makes you vulnerable to fire.
   rC+:       It protects you from cold.
   rPois:     It protects you from poison Will+: It increases your willpower.
 f - the ring of Cesits Wideq (left hand) {rF+++ rC- Will+ Str+2 Dex+6}
   (You found it on level 2 of the Lair of Beasts)

   [ring of dexterity]

   Str+2:     It affects your strength (+2).
   Dex+6:     It affects your dexterity (+6).
   rF+++:     It renders you almost immune to fire.
   rC-:       It makes you vulnerable to cold.
   Will+:     It increases your willpower.
 i - a ring of see invisible
 K - the dreamshard necklace (around neck) {Acrobat *Dream}
   (You took it off a deep elf demonologist on level 5 of the Vaults)

   [amulet of the acrobat]

   *Dream:    It absorbs a single lethal wound into itself, holding its wearer
   just short of death and releasing dream-creatures to guard them.
   Acrobat:   It increases your evasion while moving and waiting.
 U - the ring of Reimbursement {MP+9 Str+3}
   (You found it on level 4 of the Realm of Zot)

   [ring of magical power]

   Str+3:     It affects your strength (+3).
   MP+9:      It affects your magic capacity (+9).
Wands
 l - a wand of mindburst (57)
 t - a wand of acid (43)
 G - a wand of roots (48)
 L - a wand of paralysis (39)
 S - a wand of digging (36)
Scrolls
 e - 3 scrolls of brand weapon
 g - 9 scrolls of fog
 m - 3 scrolls of fear
 n - 7 scrolls of vulnerability
 p - 6 scrolls of immolation
 v - 22 scrolls of teleportation
 y - 8 scrolls of poison
 N - 5 scrolls of silence
 P - 7 scrolls of summoning
 R - 3 scrolls of revelation
 V - 4 scrolls of blinking
Potions
 a - 8 potions of mutation
 d - 5 potions of resistance
 h - 9 potions of invisibility
 q - 7 potions of berserk rage
 s - 12 potions of might
 u - 13 potions of haste
 w - 11 potions of lignification
 z - 12 potions of brilliance
 A - 8 potions of attraction
 B - 9 potions of enlightenment
 C - 9 potions of ambrosia
 H - 29 potions of curing
 I - 5 potions of cancellation
 M - 4 potions of magic
Miscellaneous
 j - a lightning rod (4/4)
 k - a condenser vane
 x - a sack of spiders
 T - a phial of floods
 W - a phantom mirror


   Skills:
 * Level 24.7 Fighting
 - Level 14.0 Short Blades
 - Level 4.0 Throwing
 + Level 13.7 Armour
 * Level 19.9 Dodging
 - Level 18.0 Stealth
 + Level 17.5 Shields
 + Level 17.5 Spellcasting
 - Level 15.0 Evocations


You had 61 spell levels left.
You didn't know any spells.
Your spell library contained the following spells:

 Spells                   Type           Power      Damage    Failure   Level
 Apportation              Tloc           16%        N/A       22%         1
 Foxfire                  Conj/Fire      32%        2x1d5     22%         1
 Kiss of Death            Conj/Necr      32%        2d7       22%         1
 Necrotise                Necr           32%        1d5       22%         1
 Sandblast                Erth           16%        2d6       22%         1
 Shock                    Conj/Air       32%        1d5       22%         1
 Cigotuvi's Dreadful Rot  Necr/Pois/Air  16%        N/A       34%         2
 Ensorcelled Hibernation  Hex/Ice        26%        N/A       34%         2
 Jinxbite                 Hex            16%        N/A       34%         2
 Passwall                 Tmut/Erth      6%         N/A       34%         2
 Poisonous Vapours        Pois/Air       16%        N/A       34%         2
 Scorch                   Fire           16%        2d5       34%         2
 Static Discharge         Conj/Air       16%        2-3/arc   34%         2
 Sublimation of Blood     Necr           8%         N/A       34%         2
 Wereblood                Tmut           8%         N/A       34%         2
 Call Canine Familiar     Summ           8%         N/A       58%         3
 Confusing Touch          Hex            8%         N/A       58%         3
 Dazzling Flash           Conj/Hex       16%        N/A       58%         3
 Frozen Ramparts          Ice            26%        1d4       58%         3
 Ignite Poison            Fire/Tmut/Pois 8%         N/A       58%         3
 Mephitic Cloud           Conj/Pois/Air  8%         N/A       58%         3
 Ozocubu's Armour         Ice            13%        N/A       58%         3
 Sigil of Binding         Hex            8%         N/A       58%         3
 Stone Arrow              Conj/Erth      16%        3d8       58%         3
 Swiftness                Air            8%         N/A       58%         3
 Tukima's Dance           Hex            8%         N/A       58%         3
 Vampiric Draining        Necr           8%         2d6       58%         3
 Volatile Blastmotes      Fire/Tloc      16%        2d11      58%         3
 Airstrike                Air            4%         2d(1-17)  94%         4
 Anguish                  Hex/Necr       4%         N/A       94%         4
 Animate Armour           Summ/Erth      16%        N/A       94%         4
 Brom's Barrelling Bould  Conj/Erth      8%         2d3       94%         4
 Cause Fear               Hex            4%         N/A       94%         4
 Dimensional Bullseye     Hex/Tloc       4%         N/A       94%         4
 Dispel Undead            Necr           8%         3d8       94%         4
 Flame Wave               Conj/Fire      8%         2d5       94%         4
 Iskenderun's Mystic Bla  Conj/Tloc      8%         2d4       94%         4
 Leda's Liquefaction      Hex/Erth       4%         N/A       94%         4
 Passage of Golubria      Tloc           8%         N/A       94%         4
 Petrify                  Tmut/Erth      8%         N/A       94%         4
 Summon Lightning Spire   Summ/Air       8%         N/A       94%         4
 Vhi's Electric Charge    Tloc/Air       16%        N/A       94%         4
 Agony                    Necr           8%         N/A       100%        5
 Alistair's Intoxication  Tmut/Pois      5%         N/A       100%        5
 Arcjolt                  Conj/Air       4%         1d14      100%        5
 Borgnjor's Vile Clutch   Necr/Erth      4%         N/A       100%        5
 Fireball                 Conj/Fire      4%         3d4       100%        5
 Freezing Cloud           Conj/Ice/Air   6%         6-21      100%        5
 Irradiate                Conj/Tmut      4%         3d13      100%        5
 Iskenderun's Battlesphe  Conj           8%         2d6       100%        5
 Lee's Rapid Deconstruct  Erth           4%         3d5*      100%        5
 Metabolic Englaciation   Hex/Ice        6%         N/A       100%        5
 Silence                  Hex/Air        4%         N/A       100%        5
 Summon Forest            Summ/Tloc      4%         N/A       100%        5
 Yara's Violent Unravell  Hex/Tmut       4%         3d4       100%        5
 Bombard                  Conj/Erth      4%         9d2       100%        6
 Conjure Ball Lightning   Conj/Air       4%         3x3d6     100%        6
 Death Channel            Necr           4%         N/A       100%        6
 Eringya's Noxious Bog    Tmut/Pois      4%         4d6       100%        6
 Plasma Beam              Fire/Air       4%         2x1d14    100%        6
 Starburst                Conj/Fire      4%         6d3       100%        6
 Summon Cactus Giant      Summ           4%         N/A       100%        6
 Enfeeble                 Hex            4%         N/A       100%        7
 Haunt                    Necr/Summ      4%         N/A       100%        7
 Ozocubu's Refrigeration  Ice            6%         4d8       100%        7
 Spellforged Servitor     Conj/Summ      4%         N/A       100%        7
 Summon Hydra             Summ           4%         N/A       100%        7
 Discord                  Hex            4%         N/A       100%        8
 Disjunction              Tloc           4%         N/A       100%        8
 Infestation              Necr           4%         N/A       100%        8
 Maxwell's Capacitive Co  Air            4%         ∞         100%        8
 Death's Door             Necr           4%         N/A       100%        9
 Dragon's Call            Summ           4%         N/A       100%        9
 Polar Vortex             Ice            6%         N/A       100%        9
 Shatter                  Erth           4%         3d7*      100%        9
 Animate Dead             Necr           Unusable   N/A       N/A         4

Dungeon Overview and Level Annotations

Branches:
Dungeon (15/15)            Temple (1/1) D:4            Lair (5/5) D:10
 Shoals (4/4) Lair:2       Spider (4/4) Lair:2        Slime (5/5) Lair:4
    Orc (2/2) D:12            Elf (3/3) Orc:2        Vaults (5/5) D:13
  Crypt (3/3) Vaults:2       Tomb (0/3) Crypt:3      Depths (4/4) D:15
    Zot (5/5) Depths:4      IceCv (visited)          WizLab (visited)
Gauntlet (visited)

Altars:
Ashenzari
Cheibriados
Dithmenos
Elyvilon
Fedhas
Gozag
Hepliaklqana
Kikubaaqudgha
Makhleb
Nemelex Xobeh
Okawaru
Qazlal
Ru
Sif Muna
Trog
Uskayaw
Vehumet
Wu Jian
Xom
Yredelemnul
Zin
The Shining One
Jiyva

Shops:
D:7 *   D:9 [   D:10 ((   D:12 [(   D:13 [   Orc:2 (:[*   Elf:1 (=   Elf:2 *
Elf:3 [   Lair:1 [   Shoals:1 (   Vaults:2 [   Vaults:4 ((:(   Vaults:5 !!
Depths:1 [?=   Depths:3 *

Portals:
Hell: Depths:1 Depths:2 Depths:3 Depths:4
Abyss: Depths:3 Depths:4
Pandemonium: Depths:2
Ziggurat: Depths:1
Trove: D:13 (give 9 potions of haste)

Annotations:
Shoals:2 6 transporters, 2 runed translucent doors, Takeo's ghost, adept MiGl
Orc:1 2 transporters, Impimeov's ghost, journeyman SpVM


Innate Abilities, Weirdness & Mutations

You have razor-sharp teeth.
Your natural rate of healing is unusually fast.
When hurt, damage is shared between your health and your magic reserves.
Your bite disrupts and absorbs the magic of your enemies.
Potions cannot restore your health.
You are agile. (Dex +4, Str/Int -1)
Your flesh is cold resistant. (rC+)
Armour fits poorly on your strangely shaped body.
You occasionally shout uncontrollably at your foes.
Your spells are a little easier to cast, but a little less powerful.


Message History

You see here a +0 club.
There is a stone staircase leading up here.
You climb upwards.
There is a stone staircase leading down here.
You see here a +0 hand axe.
There is a stone staircase leading up here.
You climb upwards.
There is a stone staircase leading down here.
There is a stone staircase leading up here.
You climb upwards.
There is a stone staircase leading down here.
You yell at Zell!
Zell stares, then turns away, jangling a coin purse.
Zell comes into view. It is armed with a distorting touch.
A Brimstone Fiend comes into view.
Your Brimstone Fiend grins greedily, jangling a coin purse.
A hellwing comes into view.
The hellwing stares, then turns away, jangling a coin purse.
Zell moves out of view.
You see here 6 stones.
There is a stone staircase leading up here.
You climb upwards.
There is a stone staircase leading down here.
What level of the Dungeon? (default 1, ? - help)
You see here a +0 leather armour.
There is a stone staircase leading up here.
You climb upwards.
There is a stone staircase leading down here.
There is a stone staircase leading up here.
You climb upwards.
There is a stone staircase leading down here.
The Orb Guardian stares, then turns away, jangling a coin purse.
An Orb Guardian comes into view.
What level of the Dungeon? (default 1, ? - help)
There is a stone staircase leading up here.
You climb upwards.
There is a stone staircase leading down here.
There is a dry fountain, spattered with blood here.
There is a staircase leading out of the dungeon here.
You have escaped!

........#.# ##...##.#.#.#
..###..##.# #.#..##.#.#.#
.......##.###.##....#.#.#########
...........#.#######..#.........#
..###......##.######.#########...
....##.##..###⌠...⌠#.# #...
....##.##..# #..>).#.# #...
....##.##..# #.....#.# #...
....##.##..###..@..#.# ########
#............#⌠...⌠#.### #.......
#..###.....#########...###.......
#..#####...# #...................
....####...# #.#######..##.###...
#...#......# #.# ##..#.# ####
##....##...# #.# ##.#.### #
#.##.##...###.# #.....## #
##.##..........# ###.#..###


There were no monsters in sight!

Vanquished Creatures
  the Royal Jelly (Slime:5)
  3 dread liches
  7 ancient liches
  4 orbs of fire
  A pandemonium lord (D:12)
  2 juggernauts
  Josephina (Depths:2)
  Boris (4 times) (Vaults:2 Depths:3 Crypt:2 Vaults:5)
  Bai Suzhen (Spider:4)
  5 Killer Klowns
  A curse toe (Zot:3)
  10 golden dragons
  Norris (Vaults:1)
  A bone dragon (Crypt:3)
  A Tzitzimitl (D:12)
  6 electric golems
  Arachne (Spider:4)
  21 tentacled monstrosities
  A walking earthen tome (Depths:3)
  Rupert (D:14)
  A walking crystal tome (Depths:3)
  9 Orb Guardians (Zot:5)
  Mlioglotl (Spider:4)
  10 liches
  5 deep elf blademasters
  20 acid blobs
  4 titans
  A walking frostbound tome (Depths:2)
  A quicksilver dragon (Zot:4)
  4 sphinxes
  5 deep elf master archers
  Frances (D:14)
  3 death cobs
  2 ancient champions (Crypt:2)
  4 thorn hunters (WizLab)
  Kirke (Spider:2)
  8 tengu reavers
  3 fenstrider witches (WizLab)
  13 shadow dragons
  11 rockslimes
  20 storm dragons
  Roxanne (Elf:3)
  Donald (Spider:1)
  Aizul (Spider:3)
  2 revenants
  9 fire giants
  16 azure jellies
  15 frost giants
  8 draconian monks
  3 emperor scorpions
  A balrug (Depths:1)
  4 deep elf sorcerers
  A deep elf elementalist (Elf:3)
  2 iron dragons
  8 draconian knights
  10 draconian scorchers
  3 spectral caustic shrikes (Depths:2)
  15 vault wardens
  6 orc warlords
  7 draconian shifters
  A curse skull (Crypt:1)
  8 ghouls (Crypt:2)
  A juggernaut zombie (Crypt:2)
  9 ghost moths
  7 war gargoyles
  10 draconian annihilators
  9 quicksilver oozes
  10 very ugly things
  17 ironbound preservers
  A broodmother (Spider:3)
  An angel (Shoals:4)
  3 draconian stormcallers
  2 spriggan defenders
  7 formless jellyfish
  18 stone giants
  A rockslime zombie (Crypt:1)
  7 vampire knights
  An apis (Shoals:4)
  10 ironbound thunderhulks
  8 dire elephants
  3 green draconians
  4 grey draconians (Zot:4)
  10 black draconians
  7 deep elf demonologists
  An elemental wellspring (Shoals:1)
  11 deep elf annihilators
  A minotaur (Gauntlet)
  13 yellow draconians
  19 purple draconians
  8 spark wasps
  10 white draconians
  10 red draconians
  11 ettins
  3 crystal guardians (Crypt:3)
  4 merfolk javelineers (Shoals:4)
  11 deep elf death magi
  3 eidola (Crypt:2)
  7 fire dragons
  12 yaktaur captains
  11 jiangshi
  13 merfolk impalers
  8 entropy weavers
  A shambling mangrove (WizLab)
  13 deep elf high priests
  13 great orbs of eyes
  29 vault guards
  Fannar (D:11)
  4 spriggan air magi
  5 hydras
  8 ice dragons
  6 rakshasas
  3 radroaches
  7 ogre magi
  An alligator (Lair:5)
  2 spriggan skeletons (Crypt:3)
  2 merfolk avatars
  5 death knights
  13 ironbound frosthearts
  15 centaur warriors
  6 merfolk aquamancers (Shoals:4)
  An alligator snapping turtle (Shoals:3)
  6 satyrs
  3 catoblepae
  35 dancing weapons
  16 two-headed ogres
  Erica (Orc:1)
  5 death yaks
  13 boulder beetles
  A death yak (shapeshifter) (Vaults:5)
  2 death scarabs
  7 deep troll earth magi
  6 deep troll shamans
  10 tengu warriors
  5 orc high priests
  3 spriggan berserkers
  6 vampire magi
  5 demonic crawlers
  5 naga sharpshooters (WizLab)
  3 spriggans (Depths:3)
  A soul eater (Depths:2)
  9 deep elf knights
  5 skysharks
  A fire crab (Lair:4)
  3 sun demons
  3 titan zombies
  A bunyip zombie (Crypt:2)
  10 hell knights
  Lodul (D:14)
  5 pharaoh ants
  4 sixfirhies
  A titan skeleton (Crypt:3)
  37 skeletal warriors
  10 orb spiders
  12 sea snakes
  2 death drakes (shapeshifter)
  5 iron trolls
  A sun moth (Spider:4)
  A death drake (Gauntlet)
  A sea snake (shapeshifter) (Depths:2)
  2 bog bodies (Crypt:2)
  3 cherubim (Shoals:4)
  11 wizards
  A glowing orange brain (shapeshifter) (Vaults:5)
  52 deep trolls
  An orange crystal statue (Depths:1)
  4 flayed ghosts
  A swamp dragon (shapeshifter) (Depths:3)
  10 deep elf archers
  6 lindwurms
  14 orc knights
  9 steelbarb worms
  2 steelbarb worms (shapeshifter)
  A tengu zombie (D:15)
  18 ironbound convokers
  10 harpies
  12 phantasmal warriors
  31 deep elf zephyrmancers
  2 anaconda skeletons
  27 deep elf pyromancers
  2 shadow dragon zombies
  A golden dragon skeleton (Crypt:1)
  A lindwurm (shapeshifter) (Depths:3)
  5 orc sorcerers
  13 necromancers
  42 ugly things
  3 oklob plants
  8 shining eyes
  A cyclops (D:11)
  24 wolf spiders
  18 manticores
  A tengu skeleton (D:15)
  A stone giant zombie (Vaults:3)
  A manticore (shapeshifter) (Depths:1)
  A shining eye (shapeshifter) (Vaults:5)
  3 spectral centaurs (Gauntlet)
  A moth of wrath (shapeshifter) (Vaults:5)
  An iron dragon skeleton (Crypt:1)
  A draconian skeleton (Crypt:3)
  An eleionoma skeleton (Crypt:2)
  2 stone giant skeletons (Crypt:3)
  23 fauns
  A shock serpent zombie (Crypt:1)
  15 merfolk sirens
  21 vault sentinels
  14 moths of wrath
  2 centaur zombies
  2 guardian serpents (shapeshifter)
  5 ice statues
  8 elephants
  7 torpor snails
  A water nymph (shapeshifter) (Vaults:5)
  12 water nymphs
  A rust devil (Depths:2)
  5 eyes of devastation
  7 black mambas
  2 naga magi (Vaults:2)
  A gargoyle (Gauntlet)
  2 minotaur zombies (Gauntlet)
  15 cane toads
  A dire elephant skeleton (Crypt:3)
  A shock serpent skeleton (Crypt:1)
  2 kobold demonologists
  4 unseen horrors
  Maggie (D:9)
  A naga skeleton (Crypt:3)
  A grey draconian zombie (Crypt:2)
  A tormentor (Depths:2)
  35 yaktaurs
  3 rime drakes
  3 tengu conjurers
  An efreet (D:15)
  An anaconda simulacrum (Vaults:2)
  6 komodo dragons
  A steelbarb worm zombie (Crypt:2)
  A white draconian zombie (Crypt:1)
  An alligator snapping turtle skeleton (Crypt:1)
  A guardian mummy (D:15)
  An ice devil (Depths:2)
  9 freezing wraiths
  A catoblepas skeleton (Crypt:1)
  A harpy zombie (Crypt:3)
  A merfolk (shapeshifter) (Vaults:5)
  9 polar bears
  A wind drake (shapeshifter) (Elf:2)
  4 wind drakes
  7 hornets
  4 tyrant leeches
  16 merfolk
  7 trolls
  3 hellwings
  A harpy skeleton (Crypt:1)
  9 blink frogs
  2 queen bees (shapeshifter)
  30 tarantellas
  An ettin zombie (D:15)
  A fire dragon zombie (Crypt:3)
  8 snapping turtles
  Prince Ribbit (D:8)
  3 raiju (Lair:5)
  A fire giant simulacrum (Depths:2)
  A dream sheep (shapeshifter) (Depths:2)
  22 culicivoras
  93 slime creatures
  An ice dragon skeleton (Crypt:1)
  4 air elementals
  20 flying skulls (Crypt:3)
  23 jumping spiders
  A vampire (D:9)
  12 wraiths
  4 wyverns
  3 shadows
  3 ettin skeletons
  10 water elementals
  3 fire elementals
  60 yaks
  7 basilisks
  A golden eye (shapeshifter) (Elf:2)
  A black mamba skeleton (Crypt:3)
  16 golden eyes
  2 hogs
  68 redbacks
  3 steam dragons
  6 vampire mosquitoes
  10 wargs
  3 harpy simulacra
  4 acid dragons
  39 water moccasins
  2 merfolk zombies (Crypt:2)
  A floating eye (shapeshifter) (Depths:2)
  2 floating eyes
  14 hell hounds (Lair:5)
  4 ice beasts
  11 black bears
  5 great orb of eyes simulacra (IceCv)
  An ice dragon simulacrum (Crypt:1)
  43 orc warriors
  2 sky beasts
  A swamp dragon zombie (Crypt:1)
  17 ogres
  6 boggarts
  20 wolves
  8 centaurs
  A human skeleton (Vaults:3)
  5 slime creature simulacra (IceCv)
  A phantom (D:6)
  5 kobold brigands
  2 gnoll sergeants
  8 bullfrogs
  5 necrophages
  An elf skeleton (Crypt:1)
  5 earth elementals
  2 scorpions
  4 glowing shapeshifter simulacra (IceCv)
  22 wights
  3 killer bees (D:7)
  An elephant simulacrum (Vaults:2)
  4 vampire bats
  A yak skeleton (Crypt:1)
  4 howler monkeys
  An electric eel (Lair:2)
  A jelly (shapeshifter) (Vaults:5)
  A jelly (D:8)
  5 hounds
  25 orc priests
  Ijyb (D:3)
  A basilisk skeleton (Crypt:2)
  3 gnoll boudas
  Crazy Yiuf (D:2)
  A sleepcap (D:6)
  6 iguanas
  31 orc wizards
  A boggart zombie (Gauntlet)
  2 shapeshifter simulacra (IceCv)
  A troll simulacrum (Vaults:2)
  A howler monkey zombie (Crypt:1)
  20 gnolls
  28 adders
  3 naga simulacra (Vaults:2)
  2 shadow imps
  2 white imps
  An ufetubus (D:7)
  3 worms
  2 dart slugs (D:2)
  96 orcs
  3 bat skeletons (D:8)
  2 bat zombies (D:8)
  7 endoplasms
  11 goblins
  12 hobgoblins
  A quokka (D:2)
  4 ball pythons
  9 bats
  2 frilled lizards (D:2)
  17 kobolds
  6 rats
2626 creatures vanquished.

Vanquished Creatures (collateral kills)
  A Killer Klown (Zot:5)
  Saint Roka (Depths:2)
  A golden dragon (Zot:5)
  A tentacled monstrosity (Zot:4)
  10 Orb Guardians (Zot:5)
  2 storm dragons (Zot:5)
  A deep elf elementalist (Elf:3)
  An emperor scorpion (Spider:4)
  2 very ugly things (Depths:1)
  3 white draconians (Zot:5)
  2 yaktaur captains (Vaults:5)
  A vault guard (Vaults:5)
  A tengu warrior (D:15)
  A skyshark (Vaults:1)
  A glowing orange brain (Zot:5)
  2 ironbound convokers
  A steelbarb worm (Spider:1)
  An orc sorcerer (Depths:2)
  A yaktaur (Vaults:5)
  A meliai (D:14)
  6 hornets (Spider:4)
  2 slime creatures (Depths:3)
  Grum (D:8)
  2 redbacks (Spider:1)
  2 black bears (Lair:5)
  An orc warrior (Depths:2)
  A wolf (D:8)
  An orc wizard (Depths:2)
  5 orcs
56 creatures vanquished.

Vanquished Creatures (others)
  3 dread liches (Zot:5)
  An orb of fire (Zot:5)
  A golden dragon (Zot:5)
  2 tentacled monstrosities
  6 Orb Guardians (Zot:5)
  A death cob (Zot:5)
  A shadow dragon (Zot:5)
  A draconian annihilator (Zot:5)
  3 white draconians (Zot:5)
  A juggernaut simulacrum (Depths:2)
  A deep elf knight (Elf:1)
  A wizard (Vaults:2)
  3 moths of wrath (Zot:5)
  2 meliai (D:14)
  A golden dragon simulacrum (Depths:2)
  A polar bear (Lair:5)
  A large abomination (D:12)
  A frost giant simulacrum (Depths:2)
  A jumping spider (Spider:3)
  4 humans (Spider:2)
  A yak (D:10)
  A golden eye (Slime:5)
  2 orc wizards
40 creatures vanquished.

Grand Total: 2722 creatures vanquished

Notes
Turn   | Place    | Note
-------+----------+-------------------------------------------
     0 | D:1      | Charly the Vine Stalker Brigand began the quest for the
                  | Orb.
     0 | D:1      | Reached XP level 1. HP: 11/11 MP: 2/2
   248 | D:1      | Reached skill level 2 in Fighting
   248 | D:1      | Reached skill level 5 in Stealth
   272 | D:1      | Reached XP level 2. HP: 15/15 MP: 3/3
   854 | D:2      | Reached XP level 3. HP: 18/18 MP: 4/4
   866 | D:2      | You fall into a shaft and drop 2 floors!
   962 | D:3      | Found a hazy altar of Hepliaklqana.
  1126 | D:2      | Found a runed translucent door.
  1127 | D:2      | Noticed Crazy Yiuf
  1138 | D:2      | Killed Crazy Yiuf
  1139 | D:2      | Reached skill level 1 in Evocations
  1139 | D:2      | Reached XP level 4. HP: 6/23 MP: 5/5
  1274 | D:2      | Found a faded altar of an unknown god.
  1319 | D:2      | Identified the +1 robe of Yesterday {+Inv Dex+5}
  1739 | D:2      | Reached XP level 5. HP: 27/27 MP: 6/6
  2123 | D:3      | Noticed Ijyb
  2140 | D:3      | Killed Ijyb
  2141 | D:3      | Reached skill level 3 in Fighting
  2360 | D:3      | Found a glowing silver altar of Zin.
  2410 | D:3      | Reached XP level 6. HP: 31/32 MP: 7/7
  2509 | D:3      | Found a hide-covered altar of Uskayaw.
  2615 | D:4      | Found a staircase to the Ecumenical Temple.
  2624 | Temple   | Entered the Ecumenical Temple
  2636 | Temple   | Became a worshipper of Gozag Ym Sagoz the Greedy
  2712 | D:4      | Found a basalt altar of Yredelemnul.
  3040 | D:4      | Reached XP level 7. HP: 36/36 MP: 8/8
  3279 | D:5      | Entered Level 5 of the Dungeon
  4125 | D:6      | Reached skill level 1 in Spellcasting
  4226 | D:6      | Gained mutation: You have razor-sharp teeth. [Vine Stalker
                  | growth]
  4226 | D:6      | Reached XP level 8. HP: 42/42 MP: 11/11
  4231 | D:6      | Reached skill level 4 in Fighting
  4284 | D:6      | Reached skill level 5 in Evocations
  4849 | D:7      | Reached XP level 9. HP: 37/46 MP: 13/13
  4876 | D:7      | Reached skill level 5 in Fighting
  4876 | D:7      | Reached skill level 5 in Short Blades
  4901 | D:7      | HP: 2/47 [something (4)]
  4926 | D:7      | death1
  5553 | D:7      | Found Muomiheg's Assorted Antiques.
  5562 | D:7      | Bought a white potion for 22 gold pieces
  5562 | D:7      | Bought a scroll labelled GETIR FAVY HOD for 25 gold pieces
  5562 | D:7      | Bought a scroll of identify for 50 gold pieces
  5562 | D:7      | Bought a viscous pink potion for 22 gold pieces
  5995 | D:8      | Noticed Prince Ribbit
  5998 | D:8      | Killed Prince Ribbit
  6020 | D:8      | Noticed Grum
  6036 | D:8      | Killed Grum
  6037 | D:8      | Reached XP level 10. HP: 31/53 MP: 15/15
  6144 | D:8      | Reached skill level 6 in Fighting
  6567 | D:8      | Found an ancient bone altar of Kikubaaqudgha.
  6726 | D:9      | Found Extezis's Armour Shoppe.
  6768 | D:9      | Bought the +5 scale mail "Firghack" {rElec Regen+} for 645
                  | gold pieces
  6768 | D:9      | Bought a +0 pair of gloves for 67 gold pieces
  6867 | D:9      | Found a burning altar of Makhleb.
  6878 | D:9      | Noticed Maggie
  6885 | D:9      | Killed Maggie
  6979 | D:9      | Noticed a two-headed ogre
  6990 | D:9      | Killed a two-headed ogre
  6991 | D:9      | Reached skill level 10 in Stealth
  7029 | D:9      | Noticed a two-headed ogre
  7050 | D:9      | Killed a two-headed ogre
  7320 | D:9      | Noticed a kobold demonologist
  7440 | D:9      | Reached XP level 11. HP: 58/58 MP: 18/18
  7830 | D:9      | Reached skill level 7 in Fighting
  8087 | D:9      | Noticed a two-headed ogre
  8105 | D:9      | Killed a two-headed ogre
  8294 | D:10     | Entered Level 10 of the Dungeon
  8318 | D:10     | Identified the +5 trident of Quqistrimp {drain, rElec rN+
                  | Int-5}
  8447 | D:10     | Noticed a two-headed ogre
  8477 | D:10     | Killed a two-headed ogre
  8560 | D:10     | Found a staircase to the Lair.
  8852 | D:10     | Reached XP level 12. HP: 63/64 MP: 20/20
  9214 | Lair:1   | Entered Level 1 of the Lair of Beasts
  9344 | Lair:1   | Reached skill level 5 in Spellcasting
  9394 | Lair:1   | Reached skill level 8 in Fighting
  9770 | Lair:1   | Reached skill level 10 in Short Blades
 10414 | Lair:2   | Identified the ring of Cesits Wideq {rF+++ rC- Will+ Str+2
                  | Dex+6}
 10512 | Lair:2   | Reached skill level 10 in Evocations
 10771 | Lair:2   | Reached XP level 13. HP: 70/70 MP: 21/21
 10909 | Lair:2   | Found a staircase to the Shoals.
 10950 | Lair:2   | Reached skill level 9 in Fighting
 11004 | Lair:1   | Bought the +3 pair of seven-league boots {Rampage+∞} for
                  | 1240 gold pieces
 11004 | Lair:1   | Found the +3 pair of seven-league boots {Rampage+∞}
 11286 | Lair:2   | Found a hole to the Spider Nest.
 11389 | Lair:2   | You fall into a shaft and drop 2 floors!
 11772 | Lair:2   | Identified the +1 robe of the Gate {Rampage Int+2 SInv}
 11998 | Lair:1   | Bought a dazzling ring mail for 279 gold pieces
 11998 | Lair:1   | Identified the +4 ring mail of the Mind {-Tele Rampage
                  | Dex+2} (You bought it in a shop on level 1 of the Lair of
                  | Beasts)
 13023 | Lair:4   | Reached skill level 1 in Dodging
 13277 | Lair:4   | Reached skill level 1 in Armour
 13943 | Lair:4   | Found a runed translucent door.
 13944 | Lair:4   | Found a viscous altar of Jiyva.
 13944 | Lair:4   | Noticed an acid blob
 13946 | Lair:4   | Found a staircase to the Slime Pits.
 14268 | Lair:5   | Entered Level 5 of the Lair of Beasts
 14321 | Lair:1   | Bought a transparent leather armour for 217 gold pieces
 14321 | Lair:1   | Identified the +0 leather armour of Immorality {Int+3} (You
                  | bought it in a shop on level 1 of the Lair of Beasts)
 14322 | Lair:1   | Bought a jewelled chain mail for 294 gold pieces
 14322 | Lair:1   | Identified the +8 chain mail "Votiymuv" {Harm} (You bought
                  | it in a shop on level 1 of the Lair of Beasts)
 14323 | Lair:1   | Bought a runed scarf for 248 gold pieces
 14520 | Lair:5   | Reached XP level 14. HP: 76/76 MP: 23/23
 15583 | Lair:5   | Reached skill level 10 in Fighting
 16252 | Lair:1   | Bought a runed helmet for 232 gold pieces
 16330 | D:11     | Noticed Fannar
 16354 | D:11     | Killed Fannar
 16914 | D:11     | Identified the +1 robe of Polytheism {-Cast rElec rC+++
                  | Dex-4}
 17582 | D:12     | Found a staircase to the Orcish Mines.
 18497 | D:13     | Identified a scroll of acquirement
 18497 | D:13     | Acquired a manual of Short Blades
 18576 | D:13     | Found a frozen archway.
 18590 | IceCv    | Entered an ice cave
 18720 | IceCv    | Reached XP level 15. HP: 81/81 MP: 25/25
 18734 | IceCv    | Identified the +3 scale mail "Lyzun" {Will+ Dex+4}
 19041 | IceCv    | Found a viscous altar of Jiyva.
 19041 | IceCv    | Noticed an azure jelly
 19056 | IceCv    | Killed an azure jelly
 19101 | IceCv    | Noticed an azure jelly
 19117 | IceCv    | Killed an azure jelly
 19139 | IceCv    | Got the ring "Vittuala" {Ice rCorr}
 19146 | IceCv    | Got the +6 dagger of Uro Veol {freeze, rN+++ Str-5 Dex+5}
 19321 | D:13     | Identified the +0 pair of boots "Demokhla" {Fly rElec Int+5
                  | Slay-3}
 19492 | D:13     | Reached skill level 15 in Stealth
 19629 | D:13     | Identified the +6 quarterstaff of Stickiness {heavy, Int+6}
 19669 | D:13     | Found a portal to a secret trove of treasure.
 19987 | D:13     | Found a gate to the Vaults.
 20049 | D:13     | Bought a +1 helmet of see invisible for 297 gold pieces
 20097 | D:14     | Noticed Lodul
 20112 | D:14     | Killed Lodul
 20135 | D:14     | Noticed Rupert
 20146 | D:14     | Killed Rupert
 20488 | D:14     | Noticed Frances
 20507 | D:14     | Killed Frances
 21160 | D:15     | Entered Level 15 of the Dungeon
 21172 | D:15     | Found a staircase to the Depths.
 21193 | D:15     | Reached skill level 11 in Fighting
 21236 | D:15     | Reached skill level 5 in Armour
 21238 | D:15     | Reached skill level 5 in Dodging
 21531 | D:15     | Found a gate leading to a gauntlet.
 21540 | Gauntlet | Entered a Gauntlet
 21540 | Gauntlet | Found a transporter.
 21540 | Gauntlet | Found a transporter.
 21548 | Gauntlet | Found a transporter.
 21552 | Gauntlet | Found a transporter.
 21558 | Gauntlet | Found a runed translucent gate.
 21560 | Gauntlet | Found a transporter.
 21561 | Gauntlet | Found a runed translucent gate.
 21562 | Gauntlet | Found a runed translucent gate.
 21564 | Gauntlet | Found a transporter.
 21575 | Gauntlet | Found a transporter.
 21589 | Gauntlet | Found a transporter.
 21605 | Gauntlet | Found a transporter.
 21608 | Gauntlet | Found a transporter.
 21616 | Gauntlet | Found a transporter.
 21620 | Gauntlet | Found a transporter.
 21684 | Gauntlet | Identified the ring "Odija" {rF+ Will++ Int+4}
 21736 | Gauntlet | Identified the ring of Jinkaop {Will+ Str+3 Int+6}
 21738 | Gauntlet | Identified the +2 robe of Fortification {rPois Str+5}
 21776 | Gauntlet | Reached skill level 1 in Shields
 21798 | Gauntlet | Identified the amulet of Divine Intervention {RegenMP
                  | Str+3}
 21822 | Gauntlet | Found the +10 zealot's sword {holy, Zealotry, *Rage rN+
                  | EV+3}
 21860 | Gauntlet | Identified the +1 sling "Volop" {drain, Dex+2}
 21860 | Gauntlet | Identified the +7 quick blade of Komeza {flame, Str+4}
 21860 | Gauntlet | Identified the +7 chain mail of Rista {rElec Dex+2}
 22091 | D:15     | Reached XP level 16. HP: 88/88 MP: 27/27
 22616 | Orc:1    | Entered Level 1 of the Orcish Mines
 22673 | Orc:2    | Entered Level 2 of the Orcish Mines
 22673 | Orc:2    | Found a staircase to the Elven Halls.
 22941 | Orc:2    | Reached skill level 12 in Fighting
 23460 | Orc:2    | Found Xaczad's Antique Armour Shop.
 23461 | Orc:2    | Found Giwnitel's Antique Weapon Boutique.
 23463 | Orc:2    | Found Ydaveizi's General Store.
 23463 | Orc:2    | Found Wyuju's Book Shop.
 23865 | Orc:1    | Noticed Erica
 23873 | Orc:1    | Killed Erica
 24111 | Orc:1    | Found a bloodstained altar of Trog.
 24111 | Orc:1    | Noticed Impimeov's ghost (journeyman SpVM)
 24118 | Orc:1    | Found a transporter.
 24145 | Orc:1    | Found a transporter.
 24427 | D:12     | Bought 2 curare-tipped darts for 28 gold pieces
 24429 | D:12     | Bought a pair of fading gloves for 266 gold pieces
 24429 | D:12     | Identified the +4 pair of gloves "Seoniud" {Str+4 Int+3
                  | Dex+2} (You bought it in a shop on level 12 of the Dungeon)
 24440 | D:12     | Bought a shimmering chain mail for 266 gold pieces
 24440 | D:12     | Identified the +0 chain mail "Jitriwue" {Str+2} (You bought
                  | it in a shop on level 12 of the Dungeon)
 24441 | D:12     | Bought a spiked chain mail for 266 gold pieces
 24441 | D:12     | Identified the +0 chain mail of Uskayaw's Condemnation
                  | {Int+5} (You bought it in a shop on level 12 of the
                  | Dungeon)
 24442 | D:12     | Bought a dazzling leather armour for 196 gold pieces
 24442 | D:12     | Identified the +1 leather armour of the Arcane {Str+2 SInv}
                  | (You bought it in a shop on level 12 of the Dungeon)
 24558 | Spider:1 | Entered Level 1 of the Spider Nest
 25010 | Spider:1 | Identified the +7 longbow of Fibuc {drain, *Slow rCorr
                  | Int+2}
 25010 | Spider:1 | Noticed Donald
 25032 | Spider:1 | Killed Donald
 25033 | Spider:1 | Reached XP level 17. HP: 87/92 MP: 28/28
 25306 | D:13     | Bought +0 gold dragon scales for 1440 gold pieces
 25532 | Spider:2 | Noticed Kirke
 25547 | Spider:2 | Killed Kirke
 25691 | Spider:2 | Reached skill level 13 in Fighting
 26859 | Spider:3 | Reached skill level 5 in Shields
 27036 | Spider:3 | Noticed Aizul
 27047 | Spider:3 | Killed Aizul
 27058 | Spider:3 | Identified the +5 chain mail "Focymat" {Int+7 Dex+2 SInv}
 27770 | Spider:4 | Entered Level 4 of the Spider Nest
 28186 | Orc:2    | Bought a scroll of enchant armour for 112 gold pieces
 28446 | Spider:4 | Noticed Bai Suzhen
 28500 | Spider:4 | Killed Bai Suzhen
 28606 | Spider:4 | Noticed Mlioglotl
 28611 | Spider:4 | Killed Mlioglotl
 28791 | Spider:4 | Noticed Arachne
 28814 | Spider:4 | Killed Arachne
 28883 | Spider:4 | Reached XP level 18. HP: 101/101 MP: 31/31
 29040 | Spider:4 | Reached skill level 14 in Fighting
 29247 | Spider:4 | Identified the +1 hat of Trumpets {rF+}
 29248 | Spider:4 | Identified the +0 pair of gloves "Ukoanah" {rF+ rC++ Str+3}
 29254 | Spider:4 | Identified the +2 hat of the Eternal Void {Rampage *Slow
                  | rElec Dex+8}
 29270 | Spider:4 | Got a gossamer rune of Zot
 29817 | Shoals:1 | Entered Level 1 of the Shoals
 29919 | Shoals:1 | Found Relumudeyd's Weapon Boutique.
 31023 | Shoals:2 | Found a transporter.
 31056 | Shoals:2 | Found a transporter.
 31136 | Shoals:2 | Found a transporter.
 31138 | Shoals:2 | Found a transporter.
 31146 | Shoals:2 | Found a transporter.
 31149 | Shoals:2 | Found a transporter.
 31162 | Shoals:2 | Found a large runed translucent door.
 31162 | Shoals:2 | Found a large runed translucent door.
 31341 | Shoals:2 | Noticed Takeo's ghost (adept MiGl)
 32318 | Shoals:4 | Entered Level 4 of the Shoals
 32424 | Shoals:4 | Reached XP level 19. HP: 91/107 MP: 32/32
 32627 | Shoals:4 | Found a white marble altar of Elyvilon.
 32648 | Shoals:4 | Reached skill level 15 in Fighting
 32940 | Shoals:4 | Found a glowing silver altar of Zin.
 32966 | Shoals:4 | Identified the orb of Kitupn {guile, rC++}
 33106 | Shoals:4 | Found a glowing golden altar of the Shining One.
 33143 | Shoals:4 | Identified the +10 battleaxe "Seoshragh" {spect, Contam
                  | rElec rC+++}
 33185 | Shoals:4 | Got a barnacled rune of Zot
 33187 | Shoals:4 | Identified the staff "Qoen" {rF+ rC+ SInv Ice}
 33594 | Vaults:1 | Entered Level 1 of the Vaults
 34111 | Vaults:1 | Identified the +9 sling "Reikh" {freeze, rN+ Dex+3}
 34400 | Vaults:1 | Noticed Norris
 34418 | Vaults:1 | Killed Norris
 34796 | Vaults:2 | Noticed Boris
 34812 | Vaults:2 | Killed Boris
 35018 | Vaults:2 | Reached XP level 20. HP: 114/114 MP: 34/34
 35067 | Vaults:2 | Reached skill level 16 in Fighting
 35090 | Vaults:2 | Reached skill level 10 in Spellcasting
 35543 | Vaults:2 | Got a moth-eaten book
 35663 | Vaults:2 | Got a fuliginous book
 35763 | Vaults:2 | Found Etwuyck's Armour Emporium.
 36065 | Vaults:2 | Reached skill level 10 in Dodging
 36203 | Vaults:2 | Found a staircase to the Crypt.
 36586 | Vaults:2 | Got a thrumming book
 37274 | Vaults:3 | Reached skill level 17 in Fighting
 37406 | Vaults:3 | Reached skill level 15 in Evocations
 37522 | Vaults:3 | You fall into a shaft and drop 1 floor!
 37609 | Vaults:4 | Reached skill level 10 in Armour
 37721 | Vaults:4 | Reached XP level 21. HP: 110/121 MP: 36/36
 39618 | Elf:1    | Entered Level 1 of the Elven Halls
 39884 | Elf:1    | Found a runed translucent gate.
 39884 | Elf:1    | Found a runed translucent gate.
 39884 | Elf:1    | Found a runed translucent gate.
 39884 | Elf:1    | Found a runed translucent gate.
 39884 | Elf:1    | Found a runed translucent gate.
 39887 | Elf:1    | Found a runed translucent gate.
 40184 | Elf:1    | Reached skill level 18 in Fighting
 40188 | Elf:1    | Paralysed by an air elemental for 1 turns
 40778 | Elf:2    | Found Kankich's Assorted Antiques.
 40807 | Elf:2    | Bought 2 potions of curing for 210 gold pieces
 40807 | Elf:2    | Bought a scroll of fog for 140 gold pieces
 41150 | Elf:2    | Found a runed translucent gate.
 41150 | Elf:2    | Found a runed translucent gate.
 41150 | Elf:2    | Found a runed translucent gate.
 41453 | Elf:2    | Reached XP level 22. HP: 128/128 MP: 37/37
 41976 | Elf:3    | Entered Level 3 of the Elven Halls
 42239 | Elf:3    | Paralysed by an air elemental for 1 turns
 42271 | Elf:3    | Noticed Roxanne
 42294 | Elf:3    | Killed Roxanne
 43018 | Elf:3    | Got a murmuring book
 43032 | Elf:3    | Identified the +6 flail of Shame {heavy, Int+2}
 43038 | Elf:3    | Got a ragged book
 43088 | Elf:3    | Identified the +6 mace "Vacut" {freeze, *Corrode rF+ Int+3
                  | Dex+3}
 44662 | Elf:3    | Bought the +2 shield of Resistance {rF++ rC++ Will++} for
                  | 846 gold pieces
 44662 | Elf:3    | Found the +2 shield of Resistance {rF++ rC++ Will++}
 44820 | Depths:1 | Entered Level 1 of the Depths
 44846 | Depths:1 | Found Luskaof's Jewellery Boutique.
 44956 | Depths:1 | Found Riotwo's Magic Scroll Shoppe.
 45076 | Depths:1 | Bought a scroll of enchant armour for 127 gold pieces
 45076 | Depths:1 | Bought a scroll of teleportation for 51 gold pieces
 45076 | Depths:1 | Bought a scroll of enchant armour for 127 gold pieces
 45076 | Depths:1 | Bought a scroll of fear for 68 gold pieces
 45105 | Depths:1 | Reached skill level 19 in Fighting
 45235 | Depths:1 | Found Rynaat's Armour Shop.
 45254 | Depths:1 | Found a gateway to Hell.
 45282 | Depths:1 | You fall into a shaft and drop 1 floor!
 45290 | Depths:2 | Noticed Saint Roka
 45325 | Depths:2 | Killed Saint Roka
 45370 | Depths:2 | Reached XP level 23. HP: 102/135 MP: 39/39
 45380 | Depths:2 | Reached skill level 10 in Shields
 45504 | Depths:2 | Identified the ring "Poceatto" {Ice rPois Will+ Str-3
                  | Dex+5}
 45504 | Depths:2 | Noticed Josephina
 45544 | Depths:2 | Killed Josephina
 45578 | Depths:2 | Identified the +10 trident of Extremism {vamp, *Corrode Fly
                  | rElec Int+2}
 45593 | Depths:2 | Noticed a golden dragon
 45615 | Depths:2 | Killed a golden dragon
 46525 | Depths:2 | Found a one-way gate leading to the halls of Pandemonium.
 46845 | Depths:1 | Found a one-way gateway to a ziggurat.
 47350 | Depths:1 | Identified the +4 scale mail of Lugonu's Generosity {rElec}
 48022 | Depths:2 | Found a one-way gate leading to the halls of Pandemonium.
 48191 | Depths:3 | Reached skill level 20 in Fighting
 48222 | Depths:3 | Found a runed translucent door.
 48269 | Depths:3 | Found a one-way gate to the infinite horrors of the Abyss.
 48336 | Depths:3 | Found a magical portal.
 48343 | WizLab   | Entered Eringya's Formal Garden
 48535 | WizLab   | Reached XP level 24. HP: 142/142 MP: 40/40
 48685 | WizLab   | Found a blossoming altar of Fedhas.
 49062 | Depths:3 | Noticed Boris
 49087 | Depths:3 | Killed Boris
 49181 | Depths:3 | Found Gozag's Platinum Reserve.
 49188 | Depths:3 | Found an opulent altar of Gozag.
 49438 | Depths:3 | Found a runed translucent door.
 49490 | Depths:3 | Identified the +7 bardiche of the Witching Gods {drain,
                  | *Slow Dex+6}
 49664 | Depths:4 | Entered Level 4 of the Depths
 49834 | Depths:4 | Reached skill level 15 in Dodging
 50001 | Depths:4 | Found a gate to the Realm of Zot.
 50206 | Depths:4 | Identified the +10 long sword of Taiwkul {spect, Str+5}
 50280 | Depths:4 | Found a sparkling altar of Nemelex Xobeh.
 50382 | Depths:4 | Noticed a juggernaut
 50398 | Depths:4 | Killed a juggernaut
 50796 | Crypt:1  | Entered Level 1 of the Crypt
 51061 | Crypt:1  | Reached XP level 25. HP: 149/149 MP: 41/41
 51069 | Crypt:1  | Reached skill level 21 in Fighting
 51735 | Crypt:2  | Noticed Boris
 51759 | Crypt:2  | Killed Boris
 52737 | Crypt:3  | Entered Level 3 of the Crypt
 53098 | Crypt:3  | Noticed an ancient lich
 53099 | Crypt:3  | Found an ancient bone altar of Kikubaaqudgha.
 53103 | Crypt:3  | Killed an ancient lich
 53143 | Crypt:3  | Identified the staff of Compound Interest {rPois rC+ rN+
                  | Dex-2 Ice}
 53205 | Crypt:3  | Got an odd book
 53579 | Crypt:3  | Found a staircase to the Tomb.
 54079 | Slime:1  | Entered Level 1 of the Pits of Slime
 54286 | Slime:2  | Gained mutation: You are clumsy. (Dex -2) [a shining eye]
 54289 | Slime:2  | Gained mutation: Your mind is acute. (Int +4, Str/Dex -1)
                  | [a shining eye]
 54784 | Slime:3  | Reached XP level 26. HP: 153/156 MP: 41/42
 55226 | Slime:5  | Entered Level 5 of the Pits of Slime
 55348 | Slime:5  | Paralysed by a floating eye for 4 turns
 55357 | Slime:5  | Reached skill level 22 in Fighting
 55363 | Slime:5  | Noticed the Royal Jelly
 55461 | Slime:5  | Killed the Royal Jelly
 55566 | Slime:5  | Identified the +0 plate armour of Nucecet {rElec rN+++ MP+9
                  | Int-4}
 55598 | Slime:5  | Identified the +4 battleaxe of Topsas {protect, Dex+6}
 55607 | Slime:5  | Identified the +2 pair of gloves "Oggiuqeuz" {rPois Regen+}
 55843 | Slime:5  | Reached skill level 15 in Spellcasting
 55897 | Slime:5  | Identified the staff "Uwkot" {rElec rC+ Str+3 Ice}
 55906 | Slime:5  | Identified the ring of the Republic {Ice Drain rPois Will+
                  | Int+2}
 55909 | Slime:5  | Got a slimy rune of Zot
 55910 | Slime:5  | Identified the +1 robe "Kufeg" {rF+ Dex+5}
 56020 | Slime:5  | Identified the +5 long sword "Vine Stalker's Bane" {freeze,
                  | rPois}
 56335 | Lair:4   | Lost mutation: You are clumsy. (Dex -2) [potion of
                  | mutation]
 56335 | Lair:4   | Lost mutation: Your mind is acute. (Int +4, Str/Dex -1)
                  | [potion of mutation]
 56335 | Lair:4   | Gained mutation: You are agile. (Dex +4, Str/Int -1)
                  | [potion of mutation]
 56602 | Vaults:5 | Entered Level 5 of the Vaults
 56688 | Vaults:5 | Noticed an ancient lich
 56697 | Vaults:5 | Killed an ancient lich
 56700 | Vaults:5 | Reached skill level 15 in Shields
 56835 | Vaults:5 | Noticed a dread lich
 56851 | Vaults:5 | Killed a dread lich
 56997 | Vaults:5 | Noticed an ancient lich
 57008 | Vaults:5 | Noticed an ancient lich
 57022 | Vaults:5 | Killed an ancient lich
 57041 | Vaults:5 | Killed an ancient lich
 57046 | Vaults:5 | Reached XP level 27. HP: 136/163 MP: 38/43
 57172 | Vaults:5 | Noticed Boris
 57185 | Vaults:5 | Killed Boris
 57972 | Vaults:5 | Found Kuhupse's Distillery.
 57976 | Vaults:5 | Got a silver rune of Zot
 57981 | Vaults:5 | Bought a potion of enlightenment for 120 gold pieces
 57981 | Vaults:5 | Bought a potion of resistance for 240 gold pieces
 57981 | Vaults:5 | Bought a potion of curing for 72 gold pieces
 57981 | Vaults:5 | Bought a potion of curing for 72 gold pieces
 57981 | Vaults:5 | Bought a potion of curing for 72 gold pieces
 57981 | Vaults:5 | Bought a potion of enlightenment for 120 gold pieces
 57981 | Vaults:5 | Bought a potion of curing for 72 gold pieces
 57992 | Vaults:5 | Found Sanotiow's Distillery.
 58013 | Vaults:5 | Reached skill level 23 in Fighting
 58056 | Vaults:5 | Bought a potion of curing for 66 gold pieces
 58056 | Vaults:5 | Bought a potion of haste for 220 gold pieces
 58056 | Vaults:5 | Bought a potion of curing for 66 gold pieces
 58056 | Vaults:5 | Bought a potion of curing for 66 gold pieces
 58139 | Vaults:5 | Identified the staff of Doom {rElec rF+ Int-4 Dex+2 Stlth+
                  | Fire}
 58140 | Vaults:5 | Identified the +2 chain mail of the Skies Above {Will+}
 58450 | Vaults:5 | Found Sanotiow's Distillery.
 58475 | Vaults:5 | Found Kuhupse's Distillery.
 59270 | Zot:1    | Entered Level 1 of the Realm of Zot
 59274 | Zot:1    | You fall into a shaft and drop 1 floor!
 60008 | Zot:1    | Found the +1 robe of Vines {NoPotionHeal Regen++++}
 60816 | Zot:2    | Identified the +1 leather armour "Axazutu" {rCorr}
 61182 | Zot:3    | Acquired 1145 gold pieces
 61682 | Zot:3    | Noticed a dread lich
 61788 | Zot:3    | Killed a dread lich
 61940 | Zot:4    | Noticed a juggernaut
 61958 | Zot:4    | Killed a juggernaut
 62186 | Zot:4    | Noticed an ancient lich
 62201 | Zot:4    | Killed an ancient lich
 62202 | Zot:4    | Reached skill level 24 in Fighting
 62212 | Zot:4    | Noticed an orb of fire
 62233 | Zot:4    | Killed an orb of fire
 62429 | Zot:4    | Identified the ring of Reimbursement {MP+9 Str+3}
 63405 | Zot:5    | Entered Level 5 of the Realm of Zot
 63405 | Zot:5    | Noticed an ancient lich
 63405 | Zot:5    | Noticed an orb of fire
 63405 | Zot:5    | Noticed a dread lich
 63405 | Zot:5    | Noticed an orb of fire
 63407 | Zot:5    | Noticed an orb of fire
 63409 | Zot:5    | Noticed a dread lich
 63413 | Zot:5    | Noticed a dread lich
 63419 | Zot:5    | Killed a dread lich
 63423 | Zot:5    | Killed a dread lich
 63438 | Zot:5    | Killed an orb of fire
 63568 | Zot:5    | Killed a dread lich
 63659 | Zot:5    | Killed an ancient lich
 63747 | Zot:5    | Noticed a dread lich
 63749 | Zot:5    | Noticed an orb of fire
 63757 | Zot:5    | Killed a dread lich
 64056 | Zot:5    | Noticed an orb of fire
 64062 | Zot:5    | Noticed an ancient lich
 64065 | Zot:5    | Killed an orb of fire
 64075 | Zot:5    | Killed an ancient lich
 64232 | Zot:5    | Gained mutation: You occasionally shout uncontrollably at
                  | your foes. [an orb of fire]
 64233 | Zot:5    | Gained mutation: Your flesh is cold resistant. (rC+) [an
                  | orb of fire]
 64241 | Zot:5    | Gained mutation: Your spells are a little easier to cast,
                  | but a little less powerful. [an orb of fire]
 64245 | Zot:5    | Killed an orb of fire
 64246 | Zot:5    | Gained mutation: Armour fits poorly on your strangely
                  | shaped body. [an orb of fire]
 64258 | Zot:5    | Killed an orb of fire
 65271 | Zot:5    | Got the Orb of Zot
 65641 | D:12     | Noticed Iwiwexatt the pandemonium lord
 65653 | D:12     | Killed Iwiwexatt the pandemonium lord
 65796 | D:5      | Noticed Zell the pandemonium lord
 65893 | D:$      | Escaped with the Orb!

Illustrated notes

### ######.###
#........#
#)####.#.#
#......#.#
###.....#.#
#..<..).#.#
#.#####@#.# #.
.. #>#.# #
#.#.#$#.#
#..>$$..#
#.........#
......#.......#
............#.#
............# #
..............


Turn 4926 on D:7: death1

Levels and vault maps discovered:
D:1:      amcnicky_arrival_gap_in_the_tavern_cellar, layout_basic
D:2:      layout_basic, hellmonk_ecumenical_altar_lost_god,
          nicolae_concentric_dashed_squares_wild, kennysheep_another_room,
          uniq_crazy_yiuf_cottage
D:3:      layout_loops_ring, mainiacjoe_overflow_six_doors_small,
          mainiacjoe_overflow_large_starburst, minmay_goblin_outpost, uniq_ijyb
D:4:      layout_basic, mainiacjoe_overflow_small_starburst,
          minmay_temple_entry_wispy
D:5:      layout_basic
D:6:      layout_rooms
D:7:      layout_basic, serial_shops, nicolae_shop_overgrown_old_shop
D:8:      layout_rooms, kennysheep_vampire_church, kennysheep_generic_room_10,
          uniq_prince_ribbit1, uniq_grum
D:9:      minmay_octagon_keep, layout_layer_cave, bloody_makhleb, serial_shops,
          shop, uniq_maggie
D:10:     layout_loops_ring, minmay_lair_entry_grove
D:11:     layout_loops_corners, uniq_fannar
D:12:     layout_layer_cave, orc_0_dummy, drop_trap, minmay_quadrilaterals
D:13:     layout_gridville, david_vaults_4, enter_trove_6,
          portal_ice_cave_entry_pillars_2
D:14:     layout_gridville, minmay_staircase_windowed_large, uniq_lodul,
          uniq_frances, uniq_rupert
D:15:     gammafunk_depths_entry_grave, layout_small_grid,
          gauntlet_entry_generic, nicolae_sextant
Temple:   nicolae_temple_bog_church
Lair:1:   layout_gridlike, beast_lair_carwin_1
Lair:2:   lemuel_reptile_caves, layout_gridlike, minmay_shoals_entry_centaurs,
          nicolae_spider_entry_orb_guardian
Lair:3:   layout_chaotic_city, roderic_batcave, serial_bayou_shore_b,
          serial_bayou_shore_b
Lair:4:   nzn_winding_woodlands_medium [nzn_winding_woodlands_5x5_default,
          nzn_winding_woodlands_5x15_pathside_ponds,
          nzn_winding_woodlands_5x5_checkerboard,
          nzn_winding_woodlands_5x5_perimeter,
          nzn_winding_woodlands_center_triple_pond,
          nzn_winding_woodlands_5x5_cross, nzn_winding_woodlands_5x5_open_star,
          nzn_winding_woodlands_5x15_pool,
          nzn_winding_woodlands_5x5_closed_star], layout_cave_pods,
          slime_entry_2
Lair:5:   hangedman_lair_caniforms_friends, layout_concentric_octagons
Shoals:1: layout_shoals, serial_shops, shop, nicolae_shoals_spring_well_temple
Shoals:2: layout_shoals, ebering_ghost_disaster_area, serial_nicolae_subway,
          nicolae_sub_station_crystal, nicolae_sub_station_stone,
          nicolae_sub_station_metal
Shoals:3: layout_shoals, nicolae_shoals_songs
Shoals:4: shoals_end_hellmonk_holy_island, serial_shops
Spider:1: nicolae_spider_mines_3, drop_trap, uniq_donald
Spider:2: layout_spider_delve, nicolae_spider_twisty_arc_passages, uniq_kirke
Spider:3: layout_spider_delve, nicolae_spider_cling_halls, uniq_aizul
Spider:4: spider_rune_water, uniq_mlioglotl, uniq_bai_suzhen, uniq_arachne
Slime:1:  layout_caves
Slime:2:  layout_caves
Slime:3:  layout_caves, nicolae_slime_crime_time
Slime:4:  layout_caves
Slime:5:  slime_pit_nicolae_inversion
Orc:1:    layout_diamond_mine, gammafunk_ghost_wrathful_warriors,
          minmay_orc_temple_b, uniq_erica
Orc:2:    st_orc_congregation, layout_diamond_mine, elves_outpost_lemuel
Elf:1:    layout_onion_city, orc_legates
Elf:2:    nicolae_elf_blades_splatter_lattice [nooodl_blade_entry_preview],
          layout_rooms, minmay_shop_star
Elf:3:    minmay_elf_hall_circle, layout_onion_city, uniq_roxanne
Vaults:1: ontoclasm_vaults_hangar, nicolae_vaults_rhombus_7, v_pattern_5,
          vaults_dpeg_encased_lava, nicolae_vaults_tetromino_L_1,
          nicolae_vaults_weapon_check, nicolae_vaults_octothorpe, v_rooms_4,
          nicolae_vaults_offset_grid_hallway_2, v_misc_13,
          nicolae_vaults_trapezoid_4, nicolae_vaults_double_plus_2,
          layout_vaults_ring, uniq_norris
Vaults:2: nicolae_vaults_hallways_thing, minmay_crypt_entry_simple_plaza,
          v_rooms_5, nicolae_vaults_doubleplus_tesselated,
          nicolae_vaults_taking_the_gang_shopping,
          nicolae_vaults_yaktaur_gun_rack, nicolae_vaults_wine_cellar,
          nicolae_vaults_apartment_1, nicolae_vaults_surprise_closet,
          layout_vaults_omnigrid, serial_hangedman_research,
          hangedman_research_metamorphosis, hangedman_research_geology,
          hangedman_research_thermodynamics, uniq_boris
Vaults:3: v_misc_8, nicolae_vaults_twisting_passages,
          hangedman_vaults_stretched_pinwheel, nicolae_vaults_closet_pinwheel_3,
          nicolae_vaults_tetromino_Z_2, nicolae_vaults_six-pack,
          hangedman_vaults_unwind, vaults_room_door_ring,
          hangedman_vaults_nails, nicolae_vaults_security_offices_4,
          nicolae_vaults_sesquioval_fish, vaults_mumra_lcd,
          layout_vaults_omnicross
Vaults:4: hangedman_vaults_nodes, vaults_dpeg_doors,
          nicolae_vaults_ninety_degrees, nicolae_vaults_hexular_roomagon,
          nicolae_vaults_diagonal_hallway_6,
          nicolae_vaults_trapezoid_lopsided_3, v_misc_23,
          nicolae_vaults_more_shelving_1, layout_vaults_chaotic_city
Vaults:5: serial_shops
Crypt:1:  layout_chaotic_city, grunt_ministairs_12, minivault_11, st_stairs_13
Crypt:2:  layout_basic
Crypt:3:  cryptofortress_bobbens
Depths:1: layout_basic, enter_ziggurat_d, hell_entry, bh_walls_and_bars,
          serial_shops, shop, shop_statue, nicolae_shop_tiny_glass,
          horrible_house_mu
Depths:2: minmay_the_grid_square_5x5_4x4_mashed [minmay_the_grid_square_5x5_c,
          minmay_the_grid_square_5x5_checkered_statues,
          minmay_the_grid_square_5x5_moneybag,
          minmay_the_grid_square_5x5_trominoes,
          minmay_the_grid_square_5x5_spiral,
          minmay_the_grid_square_5x5_prize_monsterx,
          minmay_the_grid_square_5x5_prize_junk, minmay_the_grid_square_5x5_two,
          minmay_the_grid_square_5x5_tetrominoes,
          minmay_the_grid_square_5x5_prize_gold,
          minmay_the_grid_square_5x5_prize_open,
          minmay_the_grid_square_5x5_fat_x,
          minmay_the_grid_square_5x5_sharp_hourglass,
          minmay_the_grid_square_5x5_checkered_sparse,
          minmay_the_grid_square_5x5_three_small,
          minmay_the_grid_square_5x5_broken_cross], layout_basic,
          grunt_pan_entry_in_and_out, pf_hell_entry_tar_river,
          infiniplex_staircase_x, uniq_josephina, uniq_saint_roka
Depths:3: minmay_gate_of_8, layout_cave_pools, nicolae_gozag_zags_fifth_avenue,
          marbit_kobold_abyss_entry, mu_enter_wizlab_6, hell_entry,
          minmay_acid_items
Depths:4: grunt_crosshair, layout_cave_pools, nemelex_xobeh_ov_fountains_minmay,
          abyss_entry, pf_vacation_house_of_asmodeus,
          hangedman_stitches_earthworm
Zot:1:    kennysheep_oblong_rooms, layout_misc_corridors, grunt_megastairs_4
Zot:2:    layout_gridlike
Zot:3:    hellmonk_crystal_mountain, layout_misc_corridors
Zot:4:    ebering_greatest_show_in_zot, layout_cathedral_of_symmetry,
          lemuel_flame_loot_1
Zot:5:    layout_gridlike

Skill      XL: |  1  2  3  4  5  6  7  8  9 10 11 12 13 14 15 16 17 18 19 20 21 22 23 24 25 26 27 |
---------------+----------------------------------------------------------------------------------+-----
Fighting       | 2 3 4 5 6 7 8 9 10 11 12 13 14 15 17 18 19 20 21 22 24 | 24.7
Short Blades   | 2 3 4 5 7 9 10 12 13 14 | 14.0
Stealth        | 5 6 7 8 9 10 11 13 14 15 16 17 18 | 18.0
Evocations     | 1 2 3 4 5 7 8 9 10 11 12 13 14 15 | 15.0
Spellcasting   | 1 2 3 4 5 6 7 8 9 10 11 12 13 14 15 17 | 17.5
Throwing       | 2 3 4 |  4.0
Dodging        | 2 3 5 6 7 8 9 10 11 13 14 15 16 17 19 | 19.9
Armour         | 2 3 5 6 7 8 10 11 12 13 | 13.7
Shields        | 1 4 5 6 7 8 9 10 12 14 15 17 | 17.5

Action                     |  1- 3 |  4- 6 |  7- 9 | 10-12 | 13-15 | 16-18 | 19-21 | 22-24 | 25-27 || total
---------------------------+-------+-------+-------+-------+-------+-------+-------+-------+-------++-------
  Melee: Dagger            |    48 |   148 |   328 |       |       |       |       |       |       ||   524
         Bite              |    12 |    43 |   142 |   351 |  1022 |  1355 |  1497 |  1813 |  3030 ||  9265
         Punch             |     1 |       |     6 |    21 |    32 |       |       |       |       ||    60
         Rapier            |       |       |    34 |   792 |  2003 |       |       |       |       ||  2829
         Quick blade       |       |       |       |       |    52 |  2590 |  2451 |  2759 |  4127 || 11979
  Throw: Dart              |    14 |    23 |    12 |    24 |    40 |    14 |       |       |       ||   127
         Throwing net      |       |       |       |       |       |     1 |     1 |       |     1 ||     3
 Invoke: Call Merchant     |       |       |       |     1 |     2 |     2 |     3 |     1 |     4 ||    13
         Potion Petition   |       |       |       |       |       |     1 |     1 |     1 |       ||     3
         Bribe Branch      |       |       |       |       |       |       |       |       |     2 ||     2
  Evoke: Wand              |       |     3 |     7 |    30 |    46 |    25 |     6 |     6 |     1 ||   124
         Condenser vane    |       |       |       |       |     3 |     5 |     4 |     3 |     4 ||    19
         Lightning rod     |       |       |       |       |       |     8 |     1 |       |       ||     9
         Phantom mirror    |       |       |       |       |       |     3 |     3 |     4 |     2 ||    12
         Sack of spiders   |       |       |       |       |       |       |     1 |     4 |     3 ||     8
    Use: Scroll            |     2 |     3 |     9 |     4 |    19 |    11 |     2 |    12 |     9 ||    71
         Potion            |       |       |       |       |     1 |     3 |     4 |     3 |     4 ||    15
   Stab: Sleeping          |     6 |     9 |     8 |    16 |    22 |    12 |     3 |    17 |    36 ||   129
         Distracted        |       |       |     4 |     7 |    15 |    18 |    21 |    30 |    56 ||   151
         Paralysed         |       |       |       |       |     2 |       |       |       |       ||     2
         Held in net/web   |       |       |       |       |       |     1 |       |       |     2 ||     3
         Confused          |       |       |       |       |       |       |     1 |       |     1 ||     2
 Armour: Robe              |    23 |    70 |   194 |    61 |    98 |       |       |       |       ||   446
         Ring mail         |     3 |     5 |       |       |       |       |       |       |       ||     8
         Scale mail        |       |       |       |   521 |  1296 |   173 |       |       |       ||  1990
         Gold dragon scale |       |       |       |       |       |   580 |   591 |       |       ||  1171
         Pearl dragon scal |       |       |       |       |       |       |    25 |   319 |   431 ||   775
  Dodge: Dodged            |    23 |    64 |   168 |   275 |   732 |   333 |   314 |   488 |  1046 ||  3443
  Block: Buckler           |       |       |       |       |    18 |   399 |   397 |    48 |       ||   862
         Kite shield       |       |       |       |       |       |       |       |   624 |  1366 ||  1990

Table legend: (Time is in decaauts)
 A = Elapsed time spent in this place.
 B = Non-inter-level travel time spent in this place.
 C = Inter-level travel time spent in this place.
 D = Time resting spent in this place.
 E = Time spent auto-exploring this place.
 F = Levels seen in this place.
 G = Mean time per level.
                   A        B        C        D        E       F      G
               +--------+--------+--------+--------+--------+-----+--------+
         Total |  62168 |  57053 |   5115 |    828 |  40310 |  59 | 1053.7 |
       Dungeon |  15453 |  13574 |   1879 |    280 |   9504 |  15 | 1030.2 |
        Temple |     24 |     13 |     11 |      0 |      0 |   1 |   24.0 |
          Lair |   6979 |   6153 |    826 |     31 |   4344 |   5 | 1395.8 |
        Shoals |   3627 |   3464 |    163 |    302 |   2019 |   4 |  906.8 |
   Spider Nest |   4224 |   3832 |    392 |      1 |   2810 |   4 | 1056.0 |
    Slime Pits |   2119 |   2022 |     97 |     31 |   1323 |   5 |  423.8 |
  Orcish Mines |   1834 |   1549 |    285 |     21 |   1068 |   2 |  917.0 |
   Elven Halls |   4887 |   4666 |    221 |     50 |   3446 |   3 | 1629.0 |
        Vaults |   7944 |   7444 |    500 |     33 |   5683 |   5 | 1588.8 |
         Crypt |   2746 |   2647 |     99 |      0 |   1892 |   3 |  915.3 |
        Depths |   4977 |   4643 |    334 |     22 |   3243 |   4 | 1244.2 |
           Zot |   5813 |   5508 |    305 |     44 |   4238 |   5 | 1162.6 |
      Ice Cave |    593 |    593 |      0 |      0 |    272 |   1 |  593.0 |
        Wizlab |    590 |    590 |      0 |      6 |    373 |   1 |  590.0 |
      Gauntlet |    352 |    352 |      0 |      4 |     91 |   1 |  352.0 |
               +--------+--------+--------+--------+--------+-----+--------+

Top non-repeatable levels by time:
   Elf:3: 2549 daAuts
Vaults:5: 2258 daAuts
Depths:2: 2007 daAuts
Vaults:2: 1912 daAuts
   Zot:5: 1883 daAuts
  Lair:2: 1641 daAuts
     D:9: 1609 daAuts
  Lair:5: 1511 daAuts
Vaults:4: 1481 daAuts
  Lair:4: 1447 daAuts
   Zot:4: 1434 daAuts
    D:12: 1428 daAuts
    D:11: 1379 daAuts
Spider:4: 1364 daAuts
  Lair:1: 1347 daAuts
